 Dungeon Crawl Stone Soup version 0.22-a0-533-g4d20840 (webtiles) character file.

6260 kae the Carver (level 10, -3/91 HPs)
             Began as a Minotaur Fighter on June 22, 2018.
             Was a Believer of Makhleb.
             Slain by a two-headed ogre
             ... wielding a +0 giant club
              (7 damage)
             ... on level 9 of the Dungeon.
             The game lasted 00:06:58 (8918 turns).

kae the Carver (Minotaur Fighter)                   Turns: 8918, Time: 00:06:59

Health: -3/91      AC:  9    Str: 23    XL:     10   Next: 62%
Magic:  13/13      EV: 10    Int:  6    God:    Makhleb [**....]
Gold:   560        SH:  7    Dex: 13    Spells: 9/9 levels left

rFire    . . .     SeeInvis .   d - +0 falchion (flame)
rCold    . . .     Gourm    .   h - +2 buckler
rNeg     . . .     Faith    .   b - +1 scale mail
rPois    +         Spirit   .   (helmet restricted)
rElec    .         Reflect  .   (no cloak)
rCorr    .         Harm     .   (no gloves)
MR       .....                  (no boots)
Stlth    ..........             (no amulet)
HPRegen  0.25/turn              i - ring of poison resistance
MPRegen  0.13/turn              p - +3 ring of dexterity

@: no status effects
A: retaliatory headbutt, horns 2
a: Minor Destruction, Renounce Religion


You were on level 9 of the Dungeon.
You worshipped Makhleb.
Makhleb was pleased with you.
You were not hungry.

You visited 2 branches of the dungeon, and saw 11 of its levels.

You collected 560 gold pieces.

Inventory:

Hand Weapons
 a - a +1 long sword
 d - a +0 falchion of flaming (weapon)
 s - a +0 falchion of flaming
Armour
 b - a +1 scale mail (worn)
 c - a +0 shield
 h - a +2 buckler (worn)
Jewellery
 i - a ring of poison resistance (left hand)
 p - a +3 ring of dexterity (right hand)
 t - an uncursed ring of wizardry
 u - an uncursed ring of see invisible {unknown}
Wands
 n - a wand of flame (13)
 v - a wand of clouds (5)
 w - a wand of enslavement (5)
Scrolls
 e - 5 scrolls of identify
 l - a scroll of amnesia
 m - 4 scrolls of teleportation
 q - a scroll of fog
 r - 3 scrolls of magic mapping
 x - a scroll of enchant weapon
 y - a scroll of immolation {unknown}
 A - a scroll of summoning {unknown}
Potions
 g - 2 potions of curing
 j - 2 potions of heal wounds
 k - a potion of lignification
 o - 3 potions of invisibility
 B - a potion of agility {unknown}
 C - a potion of might
Comestibles
 f - 16 rations
 z - a chunk of flesh


   Skills:
 + Level 9.5 Fighting
 * Level 12.4 Long Blades
 + Level 9.5 Armour
 - Level 4.0 Shields
 + Level 6.3 Invocations


You had 9 spell levels left.
You didn't know any spells.
Your spell library contained the following spells:

 Spells                   Type           Power        Failure   Level  Hunger
 Spider Form              Tmut/Pois      #.........   97%         3    ####...
 Blade Hands              Tmut           #.........   100%        5    ######.
 Ice Form                 Ice/Tmut       #.......     100%        4    #####..
 Sticks to Snakes         Tmut           #.......     85%         2    ###....
 Beastly Appendage        Tmut           #.....       71%         1    ##.....
 Summon Lightning Spire   Summ/Air       #.......     100%        4    #####..


Dungeon Overview and Level Annotations

Branches:
Dungeon (10/15)            Temple (1/1) D:4
   Lair: D:8-11         Orc: D:9-12

Altars:
Ashenzari
Cheibriados
Dithmenos
Elyvilon
Fedhas
Gozag
Hepliaklqana
Kikubaaqudgha
Makhleb
Nemelex Xobeh
Okawaru
Qazlal
Ru
Sif Muna
Trog
Uskayaw
Vehumet
Wu Jian
Xom
Yredelemnul
Zin
The Shining One

Shops:
D:4 [


Innate Abilities, Weirdness & Mutations

You reflexively headbutt those who attack you in melee.
You have a pair of horns on your head.


Message History

The two-headed ogre is lightly wounded.
The two-headed ogre hits you with a giant club!!
The two-headed ogre hits you with a giant club.
You are too injured to fight recklessly!
You are too injured to fight recklessly!
You are too injured to fight recklessly!
You are too injured to fight recklessly!
You are too injured to fight recklessly!
You are too injured to fight recklessly!
You are too injured to fight recklessly!
You hit the two-headed ogre. You burn the two-headed ogre.
Your headbutt misses the two-headed ogre.
The two-headed ogre is moderately wounded.
You slash the two-headed ogre! You burn the two-headed ogre.
You headbutt the two-headed ogre!
The two-headed ogre is heavily wounded.
The two-headed ogre hits you with a giant club!!
* * * LOW HITPOINT WARNING * * *
The two-headed ogre hits you with a giant club!
You die...

.####.......#............#...#
.............................#
.............................#
.####.#.#.##.............#...#
....#.#.#.......#....###.....#
........#...#.........##.#...#
#####.###...#...#............#
.........<.....O.............####
#≈≈≈≈...........@.#...##........#
≈≈≈≈≈≈###...###.#.#...#####.#####
≈≈≈≈≈≈≈##...# #.#.#.....# #.#
≈≈≈≈≈≈≈##...# #.#.#.....# #)#
#≈≈≈≈.###...# #.#.#.#...###.#
##≈≈≈.#########...#(#.......#
##≈#.............[[....#####
###...[.........#.###.#
#####...................#


You could see a two-headed ogre.

Vanquished Creatures
  2 two-headed ogres
  Pikel (D:5)
  Joseph (D:9)
  A hornet (D:8)
  A hungry ghost (D:8)
  2 orc warriors
  2 sky beasts (D:7)
  5 ogres
  3 ice beasts
  3 slaves (D:5)
  3 phantoms
  2 centaurs (D:6)
  8 bullfrogs
  5 scorpions
  4 killer bees (D:9)
  3 electric eels (D:9)
  A howler monkey (D:6)
  4 crimson imps
  5 hounds
  2 jellies
  9 orc priests
  Jessica (D:3)
  5 orc wizards
  4 iguanas
  3 worker ants
  2 hound zombies
  2 hound skeletons
  5 gnolls
  10 adders
  3 shadow imps
  5 oozes
  An adder zombie (D:4)
  2 adder skeletons (D:4)
  2 dart slugs
  3 leopard geckos
  32 orcs
  8 bats
  8 giant cockroaches
  6 goblins
  5 hobgoblins
  12 jackals
  3 quokkas
  4 frilled lizards (D:2)
  12 kobolds
  A quokka skeleton (D:7)
  11 rats
217 creatures vanquished.

Vanquished Creatures (others)
  Blork the orc (D:6)
1 creature vanquished.

Grand Total: 218 creatures vanquished

Notes
Turn   | Place    | Note
-------+----------+-------------------------------------------
     0 | D:1      | kae the Minotaur Fighter began the quest for the Orb.
     0 | D:1      | Reached XP level 1. HP: 19/19 MP: 0/0
   124 | D:1      | Reached skill level 3 in Long Blades
   124 | D:1      | Reached XP level 2. HP: 24/27 MP: 1/1
   363 | D:1      | Reached XP level 3. HP: 10/33 MP: 2/2
   802 | D:2      | Found a shadowy altar of Dithmenos.
   839 | D:2      | Found a faded altar of an unknown god.
   943 | D:2      | Found an opulent altar of Gozag.
  1006 | D:2      | Reached skill level 4 in Long Blades
  1144 | D:2      | Reached XP level 4. HP: 30/41 MP: 3/3
  1491 | D:2      | Found a hide-covered altar of Uskayaw.
  1581 | D:3      | Found a basalt altar of Yredelemnul.
  1581 | D:3      | Noticed Jessica
  1596 | D:3      | Killed Jessica
  1866 | D:3      | Reached XP level 5. HP: 47/47 MP: 4/4
  2193 | D:3      | Reached skill level 5 in Long Blades
  2546 | D:4      | Found Egyfej's Antique Armour Shop.
  2563 | D:4      | Found a radiant altar of Vehumet.
  2629 | D:4      | Reached skill level 5 in Fighting
  2629 | D:4      | Reached skill level 5 in Armour
  2629 | D:4      | Reached XP level 6. HP: 40/56 MP: 5/5
  2819 | D:4      | Reached skill level 6 in Long Blades
  3248 | D:4      | Found a staircase to the Ecumenical Temple.
  3347 | Temple   | Entered the Ecumenical Temple
  3470 | Temple   | Became a worshipper of Makhleb the Destroyer
  3580 | D:5      | Entered Level 5 of the Dungeon
  3603 | D:5      | Reached XP level 7. HP: 40/61 MP: 6/6
  3628 | D:5      | Reached skill level 1 in Invocations
  3739 | D:5      | Reached skill level 7 in Long Blades
  4110 | D:6      | Reached XP level 8. HP: 66/71 MP: 8/8
  4114 | D:6      | Reached skill level 8 in Long Blades
  4132 | D:6      | Noticed Pikel
  4305 | D:5      | Killed Pikel
  4530 | D:6      | Noticed Blork the orc
  4535 | D:6      | Killed Blork the orc
  4535 | D:6      | Reached skill level 9 in Long Blades
  4815 | D:6      | Reached * piety under Makhleb
  4916 | D:6      | Noticed a two-headed ogre
  4924 | D:6      | Killed a two-headed ogre
  4924 | D:6      | Reached skill level 10 in Long Blades
  4924 | D:6      | Reached XP level 9. HP: 17/80 MP: 9/11
  4961 | D:6      | HP: 2/80 [orc priest/nerve-wracking pain (8)]
  5833 | D:7      | Reached skill level 5 in Invocations
  5919 | D:7      | Found a stormy altar of Qazlal.
  5928 | D:7      | Found a white marble altar of Elyvilon.
  5998 | D:7      | Reached skill level 11 in Long Blades
  6615 | D:8      | Reached XP level 10. HP: 89/90 MP: 13/13
  6634 | D:8      | Reached ** piety under Makhleb
  7285 | D:8      | Noticed a two-headed ogre
  7295 | D:8      | Killed a two-headed ogre
  7790 | D:9      | Identified Oppibuot's Collected Works on Floating Transmigration
  7799 | D:9      | Reached skill level 12 in Long Blades
  7805 | D:9      | Noticed a two-headed ogre
  7975 | D:9      | Noticed Joseph
  8019 | D:9      | Killed Joseph
  8474 | D:9      | Found a radiant altar of Vehumet.
  8897 | D:10     | Entered Level 10 of the Dungeon
  8897 | D:10     | Noticed a two-headed ogre
  8918 | D:9      | HP: 4/91 [two-headed ogre/giant club (25)]
  8918 | D:9      | Slain by a two-headed ogre

Vault maps used:
D:1:      dpeg_arrival_tiny_g
D:2:      old_standard_altar, marbit_many_paths, grunt_gozag_statues,
          chequers_ecumenical_altar_simple_redux
D:3:      old_standard_altar, uniq_jessica
D:4:      minmay_temple_entry_mist, serial_shops, shop, vehumet_altar_wand_db
D:5:      first_ration
D:6:      uniq_blork_the_orc, uniq_pikel
D:7:      grunt_temple_overflow_open
D:9:      lemuel_doored_altar, uniq_joseph
D:10:     lair_entry_dummy, nicolae_trove_entry_path_of_doom, serial_shops,
          shop, enter_bailey_3, uniq_nergalle
Temple:   regret_index_temple_waves

Skill      XL: |  1  2  3  4  5  6  7  8  9 10 |
---------------+-------------------------------+-----
Long Blades    | 3 4 5 6 7 10 11 12 | 12.4
Fighting       | 4 5 6 7 8 9 |  9.5
Armour         | 4 5 6 7 8 9 |  9.5
Shields        | 4 |  4.0
Invocations    | 2 4 5 6 |  6.3

Action                   |  1- 3 |  4- 6 |  7- 9 | 10-12 || total
-------------------------+-------+-------+-------+-------++-------
Melee: Long sword        |   121 |   199 |       |       ||   320
       Headbutt          |    19 |    30 |    61 |    35 ||   145
       Falchion          |       |    14 |   304 |   127 ||   445
Evoke: Wand              |       |       |       |     4 ||     4
  Use: Scroll            |       |    10 |     7 |       ||    17
       Potion            |       |     1 |     4 |     2 ||     7
  Eat: Chunk             |       |     9 |     8 |     3 ||    20
       Ration            |       |       |       |     2 ||     2
Armor: Scale mail        |    65 |    87 |    80 |    28 ||   260
       Skin              |       |     9 |       |       ||     9
Dodge: Dodged            |    39 |    86 |    95 |    43 ||   263
Block: Shield            |    54 |    23 |       |       ||    77
       Buckler           |       |    58 |    85 |    39 ||   182
       Rpst.: Long sword |     9 |    23 |       |       ||    32
       Falchion          |       |     1 |    22 |    15 ||    38

Table legend:
 A = Spawn XP
 B = Non-spawn XP
 C = Spawn XP percentage of total XP
 D = Spawn monster count
 E = Non-spawn monster count
 F = Spawn count percentage of total count
 G = Total turns spent on level
                    A         B        C        D         E        F      G
               +---------+---------+-------+---------+---------+-------+---------
         Total |       0 |    8944 |   0.0 |       0 |     215 |   0.0 |  8918
               +---------+---------+-------+---------+---------+-------+---------
           D:1 |       0 |      50 |   0.0 |       0 |      23 |   0.0 |   784
           D:2 |       0 |      63 |   0.0 |       0 |      21 |   0.0 |   786
           D:3 |       0 |     161 |   0.0 |       0 |      37 |   0.0 |   976
           D:4 |       0 |     416 |   0.0 |       0 |      29 |   0.0 |   891
           D:5 |       0 |    1291 |   0.0 |       0 |      15 |   0.0 |   856
           D:6 |       0 |    2313 |   0.0 |       0 |      33 |   0.0 |  1211
           D:7 |       0 |    1101 |   0.0 |       0 |      16 |   0.0 |   934
           D:8 |       0 |    2032 |   0.0 |       0 |      17 |   0.0 |  1182
           D:9 |       0 |    1517 |   0.0 |       0 |      24 |   0.0 |  1153
               +---------+---------+-------+---------+---------+-------+---------
